 Dungeon Crawl Stone Soup version 0.21-a0-404-g291f19a (webtiles) character file.

25 lauthentik the Vexing (level 2, -3/19 HPs)
             Began as a Vampire Enchanter on Oct 30, 2017.
             Slain by an ogre
             ... wielding a +0 giant club
              (11 damage)
             ... on level 2 of the Dungeon.
             The game lasted 00:01:25 (544 turns).

lauthentik the Vexing (Vampire Enchanter)            Turns: 544, Time: 00:01:25

Health: -3/19      AC:  3    Str:  7    XL:     2   Next: 86%
Magic:  3/5        EV: 13    Int: 17    God:
Gold:   45         SH:  0    Dex: 14    Spells: 4/5 levels left

rFire    . . .     SeeInvis +   a - +1 dagger
rCold    . . .     Gourm    .   (no shield)
rNeg     + . .     Faith    .   b - +0 robe
rPois    .         Spirit   .   (no helmet)
rElec    .         Reflect  .   (no cloak)
rCorr    .         Harm     .   j - +0 pair of gloves
MR       .....                  (no boots)
Stlth    +++.......             (no amulet)
HPRegen  0.06/turn              (no ring)
MPRegen  0.09/turn              (no ring)

@: no status effects
A: fangs 3, see invisible, unbreathing
a: no special abilities


You were on level 2 of the Dungeon.
You were not thirsty.

You visited 1 branch of the dungeon, and saw 2 of its levels.

You collected 45 gold pieces.

Inventory:

Hand Weapons
 a - a +1 dagger (weapon)
Missiles
 h - 7 poisoned needles
Armour
 b - a +0 robe (worn)
 j - a +0 pair of gloves (worn)
Jewellery
 i - an uncursed ring of poison resistance {unknown}
Scrolls
 e - a scroll of noise {unknown}
 g - a scroll of immolation {unknown}
Potions
 d - 4 potions of blood
 f - a potion of curing {unknown}
Books
 c - a book of Maledictions

   Spells                             Type                      Level
   a - Corona                         Hexes                        1
   b - Ensorcelled Hibernation        Hexes/Ice                    2
   c - Confuse                        Hexes                        3
   d - Tukima's Dance                 Hexes                        3
   e - Dazzling Spray                 Conjuration/Hexes            3


   Skills:
 + Level 1.3 Short Blades
 + Level 2.4 Dodging
 + Level 4.7 Stealth
 + Level 2.2 Spellcasting
 + Level 5.2 Hexes


You had 4 spell levels left.
You knew the following spells:

 Your Spells              Type           Power        Failure   Level  Hunger
a - Corona                Hex            ###....      2%          1    #......


Dungeon Overview and Level Annotations

Branches:
Dungeon (2/15)

Altars:


Innate Abilities, Weirdness & Mutations

You have razor-sharp teeth.
You have supernaturally acute eyesight. (SInv)
You can survive without breathing.


Message History

You bottle the corpse's blood.
d - 4 potions of blood (gained 1)
You now have 45 gold pieces (gained 11).
An ogre comes into view. It is wielding a giant club.
The ogre shouts!
A frilled lizard comes into view.
Casting: Corona
Confirm with . or Enter, or press ? or * to list all spells.
Aiming: Corona
Press: ? - help, Shift-Dir - straight line, f - ogre
Aim: an ogre, wielding a giant club (chance to defeat MR: 57%)
The ogre struggles to resist.
Casting: Corona
Confirm with . or Enter, or press ? or * to list all spells.
Aiming: Corona
Press: ? - help, Shift-Dir - straight line, f/p - ogre
Aim: an ogre, wielding a giant club (chance to defeat MR: 57%)
The ogre struggles to resist.
The ogre hits you with a giant club!
Ouch! That really hurt!
You die...

....# #...... ..
.###...### #......
....##.....# ##.....
##.....##.#.###......
...#.#.[#............
...............#.### l.
#....<.......###.# # ..O
#.#...........##.###
....#.#@......###......#
....#.#O......# ###.....
...........#### ####..
...........# ##.
...........# ##
...........#
......!....#
#.?........#
############


You could see an ogre.

Vanquished Creatures
  An adder (D:2)
  2 ball pythons (D:1)
  2 goblins (D:1)
  4 hobgoblins (D:1)
  A quokka (D:2)
  A bat (D:2)
  A frilled lizard (D:1)
  2 kobolds (D:1)
  A rat (D:2)
15 creatures vanquished.

Notes
Turn   | Place    | Note
-------+----------+-------------------------------------------
     0 | D:1      | lauthentik the Vampire Enchanter began the quest for the Orb.
     0 | D:1      | Reached XP level 1. HP: 13/13 MP: 3/3
   232 | D:1      | Reached skill level 5 in Hexes
   318 | D:1      | Reached XP level 2. HP: 17/19 MP: 3/5
   537 | D:2      | Noticed an ogre
   544 | D:2      | Slain by an ogre

Vault maps used:
D:1:      lemuel_arrival_broad_hall, minmay_misc_feat_columns, st_stairs_12

Skill      XL: |  1 |
---------------+----+-----
Hexes          | 5 |  5.2
Short Blades   | |  1.3
Dodging        | |  2.4
Stealth        | |  4.7
Spellcasting   | |  2.2

Action                   || total
-------------------------++-------
Melee: Dagger            ||    42
       Bite              ||     2
 Cast: Corona            ||    10
 Stab: Sleeping          ||     4
Armor: Robe              ||     6
Dodge: Dodged            ||    35

Table legend:
 A = Spawn XP
 B = Non-spawn XP
 C = Spawn XP percentage of total XP
 D = Spawn monster count
 E = Non-spawn monster count
 F = Spawn count percentage of total count
 G = Total turns spent on level
                    A         B        C        D         E        F      G
               +---------+---------+-------+---------+---------+-------+---------
         Total |       0 |      37 |   0.0 |       0 |      15 |   0.0 |   544
               +---------+---------+-------+---------+---------+-------+---------
           D:1 |       0 |      20 |   0.0 |       0 |      11 |   0.0 |   479
           D:2 |       0 |      17 |   0.0 |       0 |       4 |   0.0 |    65
               +---------+---------+-------+---------+---------+-------+---------
